 Dungeon Crawl Stone Soup version 0.29-a0-341-g24ffce5b50 (webtiles) character file.

Game seed: 12273740003766892762

73 HendSelp the Insei (level 4, -2/32 HPs)
             Began as a Human Transmuter on Apr 20, 2022.
             Slain by an orc
             ... wielding a +0 morningstar
              (5 damage)
             ... on level 3 of the Dungeon.
             The game lasted 00:02:20 (2840 turns).

HendSelp the Insei (Human Transmuter)               Turns: 2840, Time: 00:02:20

Health: -2/32      AC:  3    Str: 19    XL:     4   Next: 51%
Magic:  7/8        EV: 12    Int: 13    God:
Gold:   103        SH:  0    Dex: 13    Spells: 5/8 levels left

rFire   . . .      SeeInvis .     - Unarmed
rCold   . . .      Faith    .   (no shield)
rNeg    . . .      Spirit   .   a - +0 robe
rPois   .          Reflect  .   (helmet currently unavailable)
rElec   .          Harm     .   (no cloak)
rCorr   .          Rampage  .   h - +0 pair of gloves
Will    .....                   (boots currently unavailable)
Stlth   +.........              l - amulet of the acrobat
HPRegen 0.10/turn               k - +6 ring of strength
MPRegen 0.11/turn               (no ring)

@: appendages (expiring), hasted, very quick
A: horns 2, talons 2
a: End Transformation


You were on level 3 of the Dungeon.
You had temporarily grown beastly horns and talons.
You visited 1 branch of the dungeon, and saw 3 of its levels.

You collected 103 gold pieces.

Inventory:

Armour
 a - a +0 robe (worn)
 g - a +2 pair of boots (melded)
 h - a +0 pair of gloves (worn)
 j - a +0 helmet (melded)
Jewellery
 k - a +6 ring of strength (left hand)
 l - an amulet of the acrobat (around neck)
Scrolls
 c - a scroll of amnesia
 d - 2 scrolls of noise
 r - a scroll of brand weapon {unknown}
Potions
 b - a potion of lignification
 e - a potion of cancellation
 f - a potion of haste
 i - 2 potions of ambrosia {unknown}
 m - a potion of brilliance {unknown}
 n - a potion of curing {unknown}
 o - a potion of flight {unknown}
 p - a potion of might {unknown}
 q - a potion of degeneration {unknown}


   Skills:
 * Level 1.5 Fighting
 - Level 2.0 Dodging
 * Level 3.9 Unarmed Combat
 * Level 2.7 Spellcasting
 * Level 2.5 Transmutations


You had 5 spell levels left.
You knew the following spells:

 Your Spells              Type           Power      Damage    Failure   Level
a - Beastly Appendage     Tmut           16%        N/A       9%          1
b - Wereblood             Tmut           8%         N/A       13%         2

Your spell library contained the following spells:

 Spells                   Type           Power      Damage    Failure   Level
 Spider Form              Tmut/Pois      5%         N/A       38%         3
 Ice Form                 Ice/Tmut       5%         N/A       80%         4


Dungeon Overview and Level Annotations

Branches:
Dungeon (3/15)

Altars:


Innate Abilities, Weirdness & Mutations

You have temporarily grown beastly horns and talons.


Message History

You hit the orc.
You kill the orc!
The orc hits you from afar with a +0 trident!
You hit the adder.
The adder is heavily wounded.
The adder misses you. The orc hits you but does no damage.
You hit the adder but do no damage.
The adder is heavily wounded.
The adder bites you. The orc hits you but does no damage.
The adder closely misses you.
You are too injured to fight recklessly!
You closely miss the adder. Your kick misses the adder.
You headbutt the adder, but do no damage.
You punch the adder.
The adder is almost dead.
The orc hits you from afar with a +0 trident.
The adder bites you.
You are too injured to fight recklessly!
You barely miss the adder. You claw the adder.
You kill the adder!
The orc hits you from afar with a +0 trident.
You are too injured to fight recklessly!
You are too injured to fight recklessly!
An orc comes into view. It is wielding a +0 morningstar.
The orc shouts!
Things that are here:
a +0 mace; an adder corpse; an orc corpse You are too injured to fight recklessly!
You are too injured to fight recklessly!
You hit the orc but do no damage. The orc misses you.
The orc hits you with a +0 trident.
* * * LOW HITPOINT WARNING * * *
You are too injured to fight recklessly!
You are too injured to fight recklessly!
The orc attacks as you move away! The orc hits you with a +0 trident.
* * * LOW HITPOINT WARNING * * *
Your transformation is almost over.
The orc misses you.
You feel yourself speed up. The orc hits you with a +0 morningstar.
You die...

# #...# #.#.≈≈#.##########
###.(.#####...≈...#
#......(..###..########
#.##.##.#.# ##.#......#
#.##.##.#.# #.#.####.#
#.##....#.# #.....##.######
####.##.#..#.######.#.........###
.....##.#........##.####.####....
..##>........###@##.....†# #####
.............# #o#########
..##.##.#.##.#..o....#
..##.##...##.#.#.###.#
.†)..##.####.#.#.# #######.. ..#
#.. # ... ### ... # .... ##. # ..


You could see 2 orcs.

Vanquished Creatures
  2 adders (D:3)
  A dart slug (D:1)
  2 orcs
  7 endoplasms
  6 hobgoblins
  2 jackals (D:1)
  2 quokkas (D:2)
  8 ball pythons
  5 bats
  8 frilled lizards
  A kobold (D:1)
  5 rats
49 creatures vanquished.

Notes
Turn   | Place    | Note
-------+----------+-------------------------------------------
     0 | D:1      | HendSelp the Human Transmuter began the quest for the Orb.
     0 | D:1      | Reached XP level 1. HP: 15/15 MP: 3/3
   257 | D:1      | Reached XP level 2. HP: 21/21 MP: 3/5
   884 | D:2      | Reached XP level 3. HP: 26/26 MP: 4/6
  1189 | D:2      | Learned a level 2 spell: Wereblood
  2406 | D:3      | Reached XP level 4. HP: 32/32 MP: 5/7
  2840 | D:3      | Slain by an orc

Illustrated notes

Levels and vault maps discovered:
D:1:      eino_arrival_druids_welcome, layout_rooms, minmay_tetromino_o2
D:2:      layout_basic
D:3:      layout_loops_cross, chequers_serial_rivers_small_b

Action                   |  1- 3 |  4- 6 || total
-------------------------+-------+-------++-------
Melee: Unarmed           |   100 |    33 ||   133
       Kick              |    13 |     4 ||    17
       Punch             |     4 |     1 ||     5
       Headbutt          |     9 |     3 ||    12
 Cast: Beastly Appendage |    28 |     8 ||    36
  Use: Scroll            |     7 |       ||     7
       Potion            |       |     1 ||     1
 Stab: Sleeping          |     1 |     1 ||     2
Armor: Robe              |    23 |    13 ||    36
Dodge: Dodged            |    78 |    24 ||   102

Table legend: (Time is in decaauts)
 A = Elapsed time spent in this place.
 B = Non-inter-level travel time spent in this place.
 C = Inter-level travel time spent in this place.
 D = Time resting spent in this place.
 E = Time spent auto-exploring this place.
 F = Levels seen in this place.
 G = Mean time per level.
                   A        B        C        D        E       F      G
               +--------+--------+--------+--------+--------+-----+--------+
         Total |   2831 |   2741 |     90 |    100 |   2228 |   3 |  943.7 |
       Dungeon |   2831 |   2741 |     90 |    100 |   2228 |   3 |  943.7 |
               +--------+--------+--------+--------+--------+-----+--------+

Top non-repeatable levels by time:
     D:2: 1265 daAuts
     D:1: 832 daAuts
     D:3: 733 daAuts
